 Dungeon Crawl Stone Soup version 0.31-a0-986-g5e6e4ef867 (webtiles) character file.

Game seed: 7348540595802974829

12066 gelatine the Cleaver (level 11, -4/84 HPs)
             Began as a Demonspawn Fighter on Nov 15, 2023.
             Was the Champion of Jiyva.
             Slain by a red devil
             ... wielding a +0 demon trident
             ... summoned by a kobold demonologist
              (14 damage)
             ... on level 12 of the Dungeon.
             The game lasted 00:34:16 (10056 turns).

gelatine the Cleaver (Demonspawn Fighter)          Turns: 10056, Time: 00:34:16

Health: -4/84      AC: 13    Str: 27    XL:     11   Next: 57%
Magic:  16/16      EV: 12    Int: 22    God:    Jiyva [******]
Gold:   198        SH:  9    Dex:  8    Spells: 11/17 levels left

rFire   + . .        C - +1 war axe (vamp)
rCold   . . .        c - +0 buckler
rNeg    . . .        L - +0 acid dragon scales
rPois   +            (helmet restricted)
rElec   .            (cloak unavailable)
rCorr   +            v - +1 pair of gloves
SInv    .            I - +1 pair of boots {rampage}
Will    .....        o - amulet of the acrobat
Stlth   +++          B - ring of protection from fire
HPRegen 1.94/turn    D - +6 ring of intelligence
MPRegen 0.65/turn

%: acrobat, rampage
@: about to teleport, spiked
A: icemail 1, condensation shield, weakness stinger 3, horns 1, camouflage 2,
clever 2, poison resistance, strong 2, pseudopods 3
a: Renounce Religion, Oozemancy, Slimify


You were on level 12 of the Dungeon.
You worshipped Jiyva.
Jiyva was exalted by your worship.
You visited 2 branches of the dungeon, and saw 13 of its levels.
You also visited: Sewer and Ossuary.

You collected 445 gold pieces.
You spent 247 gold pieces at shops.

Inventory:

Hand Weapons
 a - a +0 war axe
 y - a +1 heavy mace
 C - a +1 vampiric war axe (weapon)
 E - the +5 dagger of Circularity {spect, Str+3 Dex+5}
   (You found it on level 9 of the Dungeon)

   Str+3:     It affects your strength (+3).
   Dex+5:     It affects your dexterity (+5).
Missiles
 k - a throwing net
 n - 35 poisoned darts
 u - 2 boomerangs (quivered)
Armour
 c - a +0 buckler (worn)
 f - a +0 crystal plate armour
 l - a +0 scale mail of poison resistance
 t - a +0 plate armour
 v - a +1 pair of gloves (worn)
 I - a +1 pair of boots of rampaging (worn)
 L - +0 acid dragon scales (worn)
 O - a +0 troll leather armour
Magical Staves
 z - a staff of earth
Jewellery
 m - a +5 ring of evasion
 o - an amulet of the acrobat (around neck)
 B - a ring of protection from fire (left hand)
 D - a +6 ring of intelligence (right hand)
Wands
 K - a wand of flame (14)
Scrolls
 b - a scroll of fear
 g - 2 scrolls of noise
 j - 2 scrolls of fog
 q - a scroll of amnesia
 F - a scroll of immolation
 H - a scroll of revelation
Potions
 d - 2 potions of might
 e - 2 potions of resistance
 h - 2 potions of enlightenment
 i - 4 potions of attraction
 p - 2 potions of lignification
 s - 3 potions of haste {unknown}
 w - a potion of mutation
 x - a potion of magic
 A - a potion of ambrosia
 G - a potion of brilliance {unknown}
 J - a potion of berserk rage {unknown}
 N - a potion of cancellation {unknown}


   Skills:
 * Level 7.2 Fighting
 * Level 9.9 Axes
 + Level 2.9 Throwing
 * Level 7.2 Armour
 * Level 5.2 Dodging
 + Level 2.3 Stealth
 * Level 6.1 Shields
 * Level 3.8 Spellcasting
 * Level 3.4 Translocations
 + Level 3.5 Evocations


You had 11 spell levels left.
You knew the following spells:

 Your Spells              Type           Power      Damage    Failure   Level
a - Manifold Assault      Tloc           19%        N/A       36%         4
b - Blink                 Tloc           38%        N/A       5%          2

Your spell library contained the following spells:

 Spells                   Type           Power      Damage    Failure   Level
 Lesser Beckoning         Tloc           38%        N/A       5%          2
 Momentum Strike          Conj/Tloc      22%        3d8       12%         2
 Poisonous Vapours        Pois/Air       8%         N/A       24%         2
 Mephitic Cloud           Conj/Pois/Air  4%         N/A       43%         3
 Freezing Cloud           Conj/Ice/Air   2%         6-21      99%         5
 Dispersal                Tloc           9%         N/A       99%         6
 Disjunction              Tloc           9%         N/A       100%        8


Dungeon Overview and Level Annotations

Branches:
Dungeon (12/15)            Temple (1/1) D:6            Lair (0/5) D:8
    Orc (0/2) D:12          Sewer (visited)         Ossuary (visited)

Altars:
Ashenzari
Cheibriados
Dithmenos
Fedhas
Gozag
Hepliaklqana
Kikubaaqudgha
Makhleb
Nemelex Xobeh
Okawaru
Qazlal
Ru
Sif Muna
Trog
Uskayaw
Vehumet
Wu Jian
Xom
Yredelemnul

Shops:
D:4 :   D:6 (   D:7 [   D:8 [   D:9 (   D:10 (

Portals:
Trove: D:10 (show abyssal rune of Zot)

Annotations:
D:7 2 transporters, osoart's ghost, novice OpSh


Innate Abilities, Weirdness & Mutations

A meltable icy envelope protects you from harm. (AC +4)
A meltable shield of frost defends you. (SH +4)
You have a sharp stinger which inflicts weakening toxins.
You have a pair of small horns on your head.
Your skin blends seamlessly with your surroundings (Stealth++).
Your mind is very acute. (Int +8, Str/Dex -2)
Your system is resistant to poisons. (rPois)
Your muscles are very strong. (Str +8, Int/Dex -2)
Armour fits poorly on your massive pseudopods.


Message History

The orange demon stings you.
* * * LOW HITPOINT WARNING * * *
The orange demon barely misses you.
The red devil hits you from afar with a +0 demon trident!
* * * LOW HITPOINT WARNING * * *
Barbed spikes become lodged in your body.
You closely miss the kobold demonologist.
The kobold demonologist is heavily wounded.
You barely miss the orange demon. The kobold demonologist misses you.
You block the orange demon's attack. x2; The red devil barely misses you.
As you read the scroll of teleportation, it crumbles to dust.
You feel strangely unstable.
The kobold demonologist hits you but does no damage.
You block the orange demon's attack. The orange demon barely misses you.
The red devil hits you from afar with a +0 demon trident!
* * * LOW HITPOINT WARNING * * *
Barbed spikes become lodged in your body.
You feel better.
You block the kobold demonologist's attack.
You block the orange demon's attack. The orange demon barely misses you.
The red devil hits you from afar with a +0 demon trident.
* * * LOW HITPOINT WARNING * * *
Barbed spikes become lodged in your body.
You feel better.
The kobold demonologist mumbles some strange words.
The orange demon stings you but does no damage.
You block the orange demon's attack.
The red devil hits you from afar with a +0 demon trident!
* * * LOW HITPOINT WARNING * * *
Barbed spikes become lodged in your body.
Read: 2 scrolls of fear
Press: ? - help, Q - select action, (/) - cycle Dir - look around, f - activate Look: an orange demon (almost dead, summoned, chance to affect: 79%)
As you read the scroll of fear, it crumbles to dust.
You assume a fearsome visage.
The orange demon looks frightened!
The red devil easily resists.
The crimson imp looks frightened!
The kobold demonologist looks frightened!
The red devil hits you from afar with a +0 demon trident!
You die...

#########
#4@)....#
### ###
#K#####.###
#... ..# #4
#...# ##.##
#.# #5
#####.# #...
... #.
#....†#
#..#####.###
#. #.#####
#..#.......
.. #.#
#))#.###.###
## #.#
...†..<...>#
#.#


You could see an orange demon (summoned, fleeing), a kobold demonologist
(fleeing), a red devil (summoned) and a crimson imp (summoned, fleeing).

Vanquished Creatures
  2 two-headed ogres
  A gargoyle (D:11)
  A rime drake (D:8)
  A kobold demonologist (D:12)
  A komodo dragon (D:11)
  3 trolls (D:12)
  A hornet (D:11)
  2 shadows (D:11)
  2 wyverns
  Grum (D:11)
  A vampire (D:9)
  11 yaks
  A steam dragon (D:7)
  4 vampire mosquitoes (D:12)
  2 acid dragons
  3 water moccasins
  2 orc warriors (D:8)
  A black bear (D:5)
  2 ice beasts
  An ogre (D:6)
  4 wolves
  2 centaurs
  3 kobold brigands
  A bullfrog (D:7)
  A scorpion (D:5)
  22 wights
  6 killer bees (D:9)
  4 howler monkeys
  5 electric eels (D:7)
  4 jellies
  A human zombie (Ossuary)
  6 orc priests
  3 hounds
  A gnoll bouda (D:9)
  A sleepcap (D:6)
  Terence (D:2)
  2 iguanas
  7 orc wizards
  4 mummies (Ossuary)
  3 gnolls (D:9)
  3 river rats (Sewer)
  10 adders
  2 white imps (D:6)
  2 worms
  A dart slug (D:2)
  41 orcs
  3 bats
  11 endoplasms
  8 giant cockroaches
  A gnoll zombie (Ossuary)
  12 goblins
  5 hobgoblins
  15 kobolds
  3 quokkas
  10 ball pythons
  5 frilled lizards
  A goblin zombie (Ossuary)
  3 kobold zombies (Ossuary)
  8 rats
268 creatures vanquished.

Vanquished Creatures (collateral kills)
  Erolcha (D:12)
  A troll (D:12)
  A shadow (D:10)
  A wraith (D:12)
  A vampire (D:10)
  2 orc priests (D:12)
  A worm (D:4)
  3 orcs (D:12)
  A giant cockroach (D:4)
12 creatures vanquished.

Vanquished Creatures (others)
  An ice beast (D:8)
  A centaur (D:10)
  A bullfrog (D:7)
  A scorpion (D:6)
  10 jellies
  2 howler monkeys
  An electric eel (D:7)
  An orc wizard (D:12)
  A mummy (Ossuary)
  4 orcs
  A giant cockroach (Sewer)
  2 gnoll zombies (Ossuary)
  5 kobolds (D:7)
31 creatures vanquished.

Grand Total: 311 creatures vanquished

Notes
Turn   | Place    | Note
-------+----------+-------------------------------------------
     0 | D:1      | gelatine the Demonspawn Fighter began the quest for the
                  | Orb.
     0 | D:1      | Reached XP level 1. HP: 18/18 MP: 1/1
   216 | D:1      | Gained mutation: You have a small tail. [demonic ancestry]
   216 | D:1      | Reached XP level 2. HP: 19/24 MP: 2/2
   426 | D:1      | Reached skill level 2 in Axes
   681 | D:2      | Noticed Terence
   848 | D:2      | Reached XP level 3. HP: 29/29 MP: 3/3
  1045 | D:2      | Killed Terence
  1557 | D:3      | Gained mutation: You have a tail ending in a sharp stinger.
                  | [demonic ancestry]
  1557 | D:3      | Reached XP level 4. HP: 31/35 MP: 4/4
  2233 | D:3      | Reached skill level 3 in Axes
  2369 | D:3      | Reached XP level 5. HP: 37/42 MP: 5/5
  2499 | D:4      | Found a stormy altar of Qazlal.
  2529 | D:4      | Reached skill level 1 in Dodging
  2632 | D:4      | Found a glowing drain.
  2691 | D:4      | Found a shadowy altar of Dithmenos.
  2713 | Sewer    | Entered a sewer
  2856 | Sewer    | Reached skill level 4 in Axes
  2885 | Sewer    | Gained mutation: You have a sharp stinger which inflicts
                  | weakening toxins. [demonic ancestry]
  2885 | Sewer    | Reached XP level 6. HP: 8/48 MP: 6/6
  3158 | Sewer    | Found a viscous altar of Jiyva.
  3185 | Sewer    | Became a worshipper of Jiyva Jaiqacka the Shapeless
  3533 | D:4      | Found a burning altar of Makhleb.
  3645 | D:4      | Found Puguonyefi's Book Boutique.
  3839 | D:5      | Entered Level 5 of the Dungeon
  3872 | D:5      | Reached * piety under Jiyva
  3878 | D:5      | Noticed a water moccasin
  3917 | D:5      | Killed a water moccasin
  3918 | D:5      | Reached skill level 1 in Stealth
  3918 | D:5      | Gained mutation: A meltable shield of frost defends you.
                  | (SH +4) [demonic ancestry]
  3918 | D:5      | Reached XP level 7. HP: 29/53 MP: 7/7
  4014 | D:5      | Reached skill level 5 in Axes
  4305 | D:5      | Reached ** piety under Jiyva
  4490 | D:6      | Found Lasedghebb's Weapon Shoppe.
  4575 | D:6      | Found a staircase to the Ecumenical Temple.
  4782 | D:6      | Reached XP level 8. HP: 55/57 MP: 8/8
  4805 | D:6      | Reached skill level 6 in Axes
  4875 | Temple   | Entered the Ecumenical Temple
  4973 | D:6      | Found a snail-covered altar of Cheibriados.
  4981 | D:6      | Found a shimmering blue altar of Sif Muna.
  4987 | D:6      | Found a sacrificial altar of Ru.
  4987 | D:6      | Found a broken altar of Ashenzari.
  4999 | D:6      | Reached skill level 1 in Throwing
  5005 | D:6      | Found a bloodstained altar of Trog.
  5061 | D:7      | Found Huvvoip's Antique Armour Shoppe.
  5082 | D:7      | Reached *** piety under Jiyva
  5108 | D:7      | Found a transporter.
  5108 | D:7      | Noticed osoart's ghost (novice OpSh)
  5116 | D:7      | Found a sand-covered staircase.
  5138 | D:7      | Reached skill level 5 in Fighting
  5149 | Ossuary  | Entered an ossuary
  5321 | Ossuary  | Gained mutation: You have acidic saliva. [Jiyva's grace]
  5321 | Ossuary  | Gained mutation: Your system is resistant to poisons.
                  | (rPois) [Jiyva's grace]
  5321 | Ossuary  | Gained mutation: Your melee attacks may engulf your foes in
                  | ooze. [Jiyva's grace]
  5321 | Ossuary  | Gained mutation: You are covered in fur. (AC +1) [Jiyva's
                  | grace]
  5399 | D:7      | Reached skill level 5 in Armour
  5425 | D:7      | Found a transporter.
  5438 | D:7      | Found an iron altar of Okawaru.
  5465 | D:7      | Reached skill level 7 in Axes
  5598 | D:7      | HP: 2/62 [electric eel/bolt of electricity (4)]
  5791 | D:7      | Reached **** piety under Jiyva
  5853 | D:7      | HP: 1/62 [electric eel/bolt of electricity (18)]
  6194 | D:7      | Gained mutation: A meltable icy envelope protects you from
                  | harm. (AC +4) [demonic ancestry]
  6194 | D:7      | Reached XP level 9. HP: 29/68 MP: 9/9
  6559 | D:8      | Learned a level 4 spell: Manifold Assault
  6614 | D:8      | Found a blossoming altar of Fedhas.
  6620 | D:8      | Found Emefeorr's Armour Shop.
  6681 | D:8      | Bought a +1 pair of boots of rampaging for 247 gold pieces
  6755 | D:8      | Found a hazy altar of Hepliaklqana.
  6790 | D:8      | Reached skill level 1 in Evocations
  6793 | D:8      | Reached skill level 1 in Spellcasting
  6793 | D:8      | Reached skill level 1 in Translocations
  6823 | D:8      | Noticed a rime drake
  6841 | D:8      | Killed a rime drake
  6842 | D:8      | Reached skill level 5 in Shields
  6861 | D:8      | Found a staircase to the Lair.
  6899 | D:8      | Reached skill level 8 in Axes
  7332 | D:9      | Lost mutation: You are covered in fur. (AC +1) [Jiyva's
                  | grace]
  7332 | D:9      | Lost mutation: Your melee attacks may engulf your foes in
                  | ooze. [Jiyva's grace]
  7332 | D:9      | Gained mutation: Armour fits poorly on your pseudopods.
                  | [Jiyva's grace]
  7332 | D:9      | Gained mutation: Armour fits poorly on your large
                  | pseudopods. [Jiyva's grace]
  7332 | D:9      | Gained mutation: Armour fits poorly on your massive
                  | pseudopods. [Jiyva's grace]
  7332 | D:9      | Gained mutation: You have a pair of small horns on your
                  | head. [Jiyva's grace]
  7334 | D:9      | Reached XP level 10. HP: 70/76 MP: 12/12
  7339 | D:9      | Learned a level 2 spell: Blink
  7368 | D:9      | Reached ***** piety under Jiyva
  7469 | D:9      | Identified the +5 dagger of Circularity {spect, Str+3
                  | Dex+5}
  7502 | D:9      | Found Basoimy's Antique Weapon Emporium.
  7559 | D:9      | Found an ornate altar of the Wu Jian Council.
  7963 | D:9      | You fall into a shaft and drop 1 floor!
  7963 | D:10     | Entered Level 10 of the Dungeon
  8040 | D:10     | HP: 3/73 [something (6)]
  8114 | D:10     | Found a portal to a secret trove of treasure.
  8224 | D:10     | Lost mutation: Your system is resistant to poisons. (rPois)
                  | [Jiyva's grace]
  8224 | D:10     | Gained mutation: Your skin changes colour to match your
                  | surroundings (Stealth+). [Jiyva's grace]
  8224 | D:10     | Gained mutation: Your skin blends seamlessly with your
                  | surroundings (Stealth++). [Jiyva's grace]
  8224 | D:10     | Gained mutation: Your skin perfectly mimics your
                  | surroundings (Stealth+++). [Jiyva's grace]
  8224 | D:10     | Gained mutation: Your system is resistant to poisons.
                  | (rPois) [Jiyva's grace]
  8242 | D:10     | Found a basalt altar of Yredelemnul.
  8296 | D:10     | Noticed a two-headed ogre
  8305 | D:10     | Killed a two-headed ogre
  8315 | D:10     | Reached ****** piety under Jiyva
  8315 | D:10     | Found Koziroitz's Antique Weapon Emporium.
  9098 | D:11     | Reached skill level 9 in Axes
  9103 | D:11     | Noticed a gargoyle
  9119 | D:11     | Killed a gargoyle
  9444 | D:11     | Noticed Grum
  9461 | D:11     | HP: 3/77 [Grum/-1 spear (13)]
  9507 | D:11     | Killed Grum
  9525 | D:11     | Reached XP level 11. HP: 83/83 MP: 15/15
  9814 | D:12     | Lost mutation: Your skin perfectly mimics your surroundings
                  | (Stealth+++). [Jiyva's grace]
  9814 | D:12     | Lost mutation: You have acidic saliva. [Jiyva's grace]
  9814 | D:12     | Gained mutation: Your muscles are strong. (Str +4, Int/Dex
                  | -1) [Jiyva's grace]
  9814 | D:12     | Gained mutation: Your muscles are very strong. (Str +8,
                  | Int/Dex -2) [Jiyva's grace]
  9814 | D:12     | Gained mutation: Your mind is acute. (Int +4, Str/Dex -1)
                  | [Jiyva's grace]
  9814 | D:12     | Gained mutation: Your mind is very acute. (Int +8, Str/Dex
                  | -2) [Jiyva's grace]
  9881 | D:12     | Noticed Erolcha
  9893 | D:12     | Killed Erolcha
  9909 | D:12     | Found a staircase to the Orcish Mines.
  9931 | D:12     | Reached skill level 5 in Dodging
  9966 | D:12     | Noticed a two-headed ogre
  9974 | D:12     | Killed a two-headed ogre
 10053 | D:12     | HP: 1/84 [red devil/+0 demon trident[a kobold demonologist]
                  | (11)]
 10056 | D:12     | Slain by a red devil

Illustrated notes

Levels and vault maps discovered:
D:1:      minmay_arrival_loop, layout_loops_ring, minmay_misc_feat_tower,
          minmay_crystal_room, minmay_vboxes
D:2:      layout_loops_cross, corexii_hall_statues_deadend, uniq_terence
D:3:      layout_basic
D:4:      layout_basic, mainiacjoe_overflow_catch_the_wave,
          overflow_temple_1_default, serial_shops, shop_fountains,
          portal_sewer_entry_f
D:5:      layout_loops_ring, hangedman_decor_points
D:6:      layout_basic, zin_treasury, nicolae_overflow_hallway_of_the_gods,
          minmay_temple_entry_mini_moons, serial_shops,
          nicolae_shop_tiny_real_fake_doors
D:7:      layout_cave_pools, okawaru_ov_weapons_minmay, gammafunk_ghost_arena,
          serial_shops, shop, serial_bayou, serial_bayou_crossing,
          serial_bayou_lagoon_a, serial_bayou_pond_a, serial_bayou_lagoon_b,
          serial_bayou_pond_c, nicolae_ossuary_entry_false_entrances
D:8:      layout_basic, nicolae_hepliaklqana_hazy_memory, elyvilon_altar_1,
          lemuel_tele_altar, hellmonk_lair_entry_icy, serial_shops, shop,
          kennysheep_generic_room_15
D:9:      layout_stronghold, mainiacjoe_overflow_concentric_impassable,
          serial_shops, nicolae_shop_behind_doors, serial_column_ruins,
          column_ruins_square_small, column_ruins_corridor_dead_end,
          column_ruins_open_small_water, column_ruins_grid_4,
          column_ruins_open_small_water, column_ruins_grid_4,
          column_ruins_open_tiny_water, column_ruins_corridor_corner
D:10:     layout_cave_pools, lemuel_crystal_altar,
          nicolae_trove_entry_free_sample, nicolae_stop_n_shop_2
D:11:     layout_gridville, uniq_grum
D:12:     layout_basic, hiddenorc2_lemuel, uniq_erolcha
Temple:   nicolae_temple_superstar

Skill      XL: |  1  2  3  4  5  6  7  8  9 10 11 |
---------------+----------------------------------+-----
Armour         | 3 4 5 6 7 |  7.2
Axes           | 2 3 4 5 7 8 9 |  9.9
Shields        | 3 4 5 6 |  6.1
Dodging        | 1 2 3 4 5 |  5.2
Stealth        | 1 2 |  2.3
Fighting       | 4 5 6 7 |  7.2
Throwing       | 1 2 |  2.9
Evocations     | 2 3 |  3.5
Spellcasting   | 1 2 3 |  3.8
Translocations | 1 2 3 |  3.4

Action                     |  1- 3 |  4- 6 |  7- 9 | 10-12 || total
---------------------------+-------+-------+-------+-------++-------
  Melee: War axe           |   112 |   177 |   346 |   307 ||   942
         Tailslap          |    10 |    24 |    42 |    33 ||   109
         Bite              |       |       |    16 |    19 ||    35
         Headbutt          |       |       |     1 |    58 ||    59
         Pseudopods        |       |       |       |    60 ||    60
  Throw: Stone             |       |    23 |       |       ||    23
         Boomerang         |       |     4 |    95 |    40 ||   139
   Cast: Blink             |       |       |       |     1 ||     1
 Invoke: Oozemancy         |       |       |     1 |       ||     1
    Use: Scroll            |     2 |     5 |     8 |    10 ||    25
         Potion            |       |       |       |     9 ||     9
   Stab: Sleeping          |       |       |       |     4 ||     4
         Distracted        |       |       |       |     1 ||     1
 Armour: Scale mail        |    64 |   129 |   296 |   101 ||   590
         Crystal plate arm |    16 |       |       |       ||    16
         Acid dragon scale |       |       |       |   162 ||   162
         Skin              |       |       |       |    34 ||    34
  Dodge: Dodged            |    40 |    94 |   197 |   142 ||   473
  Block: Buckler           |    22 |    39 |   157 |   143 ||   361

Table legend: (Time is in decaauts)
 A = Elapsed time spent in this place.
 B = Non-inter-level travel time spent in this place.
 C = Inter-level travel time spent in this place.
 D = Time resting spent in this place.
 E = Time spent auto-exploring this place.
 F = Levels seen in this place.
 G = Mean time per level.
                   A        B        C        D        E       F      G
               +--------+--------+--------+--------+--------+-----+--------+
         Total |  10393 |   9566 |    827 |      0 |   6777 |  15 |  692.9 |
       Dungeon |   9532 |   8781 |    751 |      0 |   6343 |  12 |  794.3 |
        Temple |     77 |      1 |     76 |      0 |      0 |   1 |   77.0 |
         Sewer |    582 |    582 |      0 |      0 |    378 |   1 |  582.0 |
       Ossuary |    200 |    200 |      0 |      0 |     55 |   1 |  200.0 |
               +--------+--------+--------+--------+--------+-----+--------+

Top non-repeatable levels by time:
     D:7: 1282 daAuts
     D:9: 1036 daAuts
     D:4: 940 daAuts
     D:3: 872 daAuts
    D:10: 839 daAuts
     D:8: 819 daAuts
     D:1: 818 daAuts
     D:2: 760 daAuts
     D:5: 693 daAuts
    D:11: 683 daAuts
   Sewer: 582 daAuts
     D:6: 514 daAuts
    D:12: 271 daAuts
 Ossuary: 200 daAuts
  Temple: 77 daAuts
